Map: Thunderbird LE

Players

Epic

  • Race: Terran Terran
  • Spawn Location: 5:00

PappiJoe - Winner!

  • Race: Protoss Protoss
  • Spawn Location: 11:00

VOD

Have the link to the VOD?

Description

Time

  • Played on: Sept. 6, 2019, 1:12 p.m.
  • Length: 7:29
Show
View Real Time Build Order
Export as new Build Order

Epic Terran 

Build Orders: Reaper Expand 

Get SALT Encoding   

  12  0:00  SCV  
  13  0:13  SCV  
  14  0:18  Supply Depot  
  14  0:25  SCV  
  15  0:39  SCV  
  15  0:41  Barracks  
  16  0:43  Refinery  
  16  0:51  SCV  
  17  1:04  SCV  
  18  1:16  SCV  
  19  1:28  Orbital Command, Reaper  
  20  1:45  Command Center  
  20  1:54  SCV  
  21  1:56  Bunker  
  21  2:01  Barracks Reactor  
  21  2:04  Supply Depot  
  21  2:07  SCV  
  22  2:14  Refinery  
  22  2:19  SCV  
  23  2:25  Factory  
  23  2:31  SCV  
  23  2:36  Marine  
  25  2:37  Marine  
  25  2:43  SCV  
  26  2:54  Marine  
  26  2:55  SCV, Marine  
  26  2:57  Orbital Command  
  29  3:07  SCV  
  29  3:10  Widow Mine  
  29  3:11  Starport  
  32  3:15  Marine  
  32  3:16  Orbital Command, Marine  
  32  3:19  SCV  
  35  3:31  SCV  
  35  3:33  Widow Mine  
  38  3:35  Marine x2  
  38  3:36  Supply Depot  
  39  3:43  SCV  
  39  3:44  SCV  
  39  3:47  Medivac  
  43  3:53  Marine x2  
  43  3:55  SCV, Factory Tech Lab  
  43  4:02  Supply Depot  
  44  4:04  SCV  
  44  4:08  Liberator  
  45  4:10  Marine x2  
  47  4:17  SCV x2  
  47  4:19  Siege Tank  
  51  4:28  Marine  
  51  4:29  Marine  
  52  4:32  SCV  
  52  4:40  Bunker  
  52  4:46  SCV x2, Marine  
  52  4:47  Marine  
  52  4:50  Supply Depot  
  52  4:52  Siege Tank  
  59  5:01  SCV x2  
  59  5:04  Marine  
  59  5:05  Marine  
  61  5:16  SCV x2  
  61  5:20  Supply Depot, Barracks x2  
  63  5:24  Siege Tank  
  66  5:29  SCV x2  
  66  5:30  Barracks Tech Lab  
  66  5:31  Starport Reactor  
  66  5:33  Engineering Bay  
  68  5:38  Refinery  
  68  5:41  SCV x2  
  70  5:45  Refinery  
  70  5:49  Marine  
  71  5:53  SCV x2  
  73  6:01  Siege Tank  
  76  6:05  SCV  
  76  6:06  SCV  
  76  6:07  Marine  
  79  6:12  Barracks Tech Lab  
  79  6:18  SCV x2  
  73  6:22  Marine x2  
  57  6:32  Marauder x2  
  55  6:40  Marine x2  
  51  6:53  Marine  
  45  6:58  Marine x2  
Show
View Real Time Build Order
Export as new Build Order

PappiJoe Protoss - Winner!

Build Orders:  

Get SALT Encoding   

  12  0:00  Probe  
  13  0:14  Pylon  
  13  0:18  Probe  
  14  0:29  Probe  
  14  0:35  Gateway  
  15  0:37  Probe  
  16  0:45  Probe, Assimilator  
  17  0:53  Assimilator  
  17  0:58  Probe  
  18  1:06  Probe  
  19  1:15  Probe  
  19  1:23  Cybernetics Core  
  19  1:25  Probe  
  20  1:27  Pylon  
  21  1:37  Probe  
  22  1:49  Probe  
  23  2:00  Adept  
  25  2:01  Robotics Facility  
  25  2:06  Warp Gate  
  25  2:30  Stalker  
  27  2:38  Immortal  
  27  2:41  Nexus  
  27  2:43  Pylon  
  31  3:01  Probe  
  32  3:08  Immortal  
  32  3:13  Probe  
  37  3:25  Probe  
  37  3:37  Probe  
  38  3:42  Twilight Council  
  38  3:43  Warp Prism  
  38  3:49  Probe  
  41  3:55  Probe  
  41  4:02  Probe  
  43  4:04  Charge  
  43  4:08  Probe  
  44  4:14  Gateway, Probe  
  44  4:16  Gateway  
  45  4:22  Probe  
  44  4:42  Gateway  
  44  4:43  Gateway, Pylon  
  44  4:47  Gateway  
  44  4:49  Gateway  
  44  4:50  Pylon  
  44  4:51  Probe x2  
  46  4:56  Warp Prism  
  46  4:58  Gateway  
  48  5:17  Pylon  
  48  5:27  Zealot x3  
  54  5:38  Pylon, Zealot x2  
  54  5:42  Zealot  
  60  5:46  Zealot  
  60  5:47  Zealot x3  
  68  5:53  Zealot  
  70  6:01  Zealot x2  
  70  6:02  Zealot  
  76  6:06  Zealot  
  76  6:07  Zealot  
  80  6:14  Zealot x3  
  82  6:26  Zealot x2  
  84  6:37  Stalker x2  
  84  6:43  Zealot  
  86  6:52  Pylon  
  86  6:53  Pylon  
  82  6:54  Zealot x2  
  82  6:55  Zealot  
  82  6:59  Zealot x2  
  80  7:05  Stalker x2  
  80  7:06  Zealot  
  76  7:14  Zealot  
  76  7:15  Zealot x2  
  76  7:23  Zealot  
  76  7:24  Zealot  
Tags
 
Add a new tag
Caveats
  • Supply blocks, unpowered buildings, or Contaminate may cause inaccurate times.
  • Supply counts are checked every 10 seconds.